[Event "FIDE Online Semi Final 2020"]
[Site "Online"]
[Date "2020.08.29"]
[Round "1"]
[White "Wojtaszek, Radoslaw"]
[Black "Vidit, Santosh Gujrathi"]
[Result "1-0"]
[ECO "E06"]
[WhiteElo "2662"]
[BlackElo "2630"]
[Annotator "ChessBase"]
[PlyCount "99"]
[EventDate "2020.08.28"]
[EventType "k.o."]
[SourceTitle "playchess.com"]
[Source "ChessBase"]
[SourceQuality "1"]
[TimeControl "900+5"]

1. d4 Nf6 2. c4 e6 3. g3 Bb4+ 4. Nd2 c5 5. dxc5 Bxc5 6. Bg2 O-O 7. Ngf3 Nc6 8. O-O d5 9. a3 a5 10. cxd5 exd5 11. Nb3 Bb6 12. Nbd4 Nxd4 13. Nxd4 Re8 14. e3 Bg4 15. Qd3 Qd7 16. Bd2 a4 17. Rac1 h5 18. Bc3 h4 19. Nf3 h3 20. Bh1 Bf5 21. Qd1 Ne4 22. Nd4 Bg6 23. Bf3 Nf6 24. Ne2 Be4 25. Nf4 d4 26. Bxd4 Bxd4 27. exd4 Rad8 28. Re1 Bxf3 29. Qxf3 Qxd4 30. Rxe8+ Rxe8 31. Qxb7 Qc5 32. Rd1 Qc2 33. Qf3 Qf5 34. Qd3 Qg4 35. Qf1 Rb8 36. Nxh3 Rxb2 37. Rd8+ Kh7 38. Qd3+ g6 39. Nf4 Rb3 40. Qc4 Kg7 41. Qc5 Nh7 42. Qd4+ Kh6 43. Rg8 Qf3 44. Qg7+ Kg5 45. Qe5+ Kh6 46. Qg7+ Kg5 47. Ne6+ Kg4 48. Qd4+ Kf5 49. Ng7+ Kg5 50. Qh4# 1-0

[Event "FIDE Online Semi Final 2020"]
[Site "Online"]
[Date "2020.08.29"]
[Round "1"]
[White "Nihal, Sarinn"]
[Black "Janik, Igor"]
[Result "1-0"]
[ECO "E16"]
[WhiteElo "2628"]
[BlackElo "2390"]
[Annotator "ChessBase"]
[PlyCount "137"]
[EventDate "2020.08.28"]
[EventType "k.o."]
[SourceTitle "playchess.com"]
[Source "ChessBase"]
[SourceQuality "1"]
[TimeControl "900+5"]

1. d4 Nf6 2. c4 e6 3. Nf3 b6 4. g3 Bb7 5. Bg2 c5 6. d5 exd5 7. Ng5 h6 8. Nh3 b5 9. Nc3 bxc4 10. Nf4 Be7 11. Nfxd5 Bxd5 12. Nxd5 Nc6 13. O-O O-O 14. Bf4 Nxd5 15. Qxd5 Rc8 16. Qxc4 Bf6 17. Bd6 Re8 18. Bd5 Ne5 19. Bxe5 Rxe5 20. Bxf7+ Kh8 21. Rad1 Rb8 22. b3 Qe7 23. Bg6 Rxe2 24. Rxd7 Qxd7 25. Qxe2 Bd4 26. Bd3 Qc6 27. Bb1 g6 28. Be4 Qe6 29. Kg2 Re8 30. f3 Kg7 31. Rd1 Rd8 32. Qb5 Qe7 33. Qc4 Rd6 34. h4 Re6 35. Qc2 g5 36. hxg5 hxg5 37. Rh1 Rh6 38. Rxh6 Kxh6 39. Qd1 Qf7 40. Qh1+ Qh5 41. Qf1 g4 42. Qa6+ Kg7 43. Qxa7+ Kf6 44. Qb6+ Kg7 45. Qc7+ Kf6 46. Qf4+ Ke7 47. Qc7+ Kf6 48. Qd6+ Kg7 49. Qe7+ Kg8 50. Qe6+ Kf8 51. Qxg4 Qh6 52. Qf5+ Ke7 53. f4 Qa6 54. Qh7+ Kf8 55. Qf5+ Ke7 56. Qg5+ Kf8 57. Qd8+ Kf7 58. Qc7+ Kf8 59. Qb8+ Ke7 60. Qb7+ Qxb7 61. Bxb7 Kd6 62. Ba6 Ke6 63. Bc4+ Kf6 64. a4 Bc3 65. Kf3 Ba5 66. g4 Bb4 67. g5+ Kg7 68. Kg4 Bd2 69. f5 1-0

[Event "FIDE Online Semi Final 2020"]
[Site "Online"]
[Date "2020.08.29"]
[Round "1"]
[White "Koneru, Humpy"]
[Black "Socko, Monika"]
[Result "1/2-1/2"]
[ECO "E17"]
[WhiteElo "2411"]
[BlackElo "2358"]
[Annotator "ChessBase"]
[PlyCount "67"]
[EventDate "2020.08.28"]
[EventType "k.o."]
[SourceTitle "playchess.com"]
[Source "ChessBase"]
[SourceQuality "1"]
[TimeControl "900+5"]

1. d4 Nf6 2. c4 e6 3. Nf3 b6 4. g3 Bb7 5. Bg2 Be7 6. O-O O-O 7. Re1 a5 8. Nc3 Ne4 9. Qc2 Nxc3 10. bxc3 f5 11. Ne5 Bxg2 12. Kxg2 d6 13. Nd3 Qd7 14. f3 Nc6 15. Qa4 Rae8 16. Qb5 Bf6 17. Ba3 e5 18. d5 Nb8 19. e4 fxe4 20. Rxe4 Qf7 21. Rf1 Bg5 22. Qb1 Nd7 23. Bc1 Bxc1 24. Qxc1 Nf6 25. Re3 Qg6 26. Nf2 e4 27. f4 Ng4 28. Nxg4 Qxg4 29. Qc2 Qg6 30. Kh1 Re7 31. Rfe1 Rfe8 32. Qg2 Qf5 33. a4 h5 34. Qe2 1/2-1/2

[Event "FIDE Online Semi Final 2020"]
[Site "Online"]
[Date "2020.08.29"]
[Round "1"]
[White "Cyfka, Karina"]
[Black "Harika, Dronavalli"]
[Result "1/2-1/2"]
[ECO "D31"]
[WhiteElo "2248"]
[BlackElo "2448"]
[Annotator "ChessBase"]
[PlyCount "52"]
[EventDate "2020.08.28"]
[EventType "k.o."]
[SourceTitle "playchess.com"]
[Source "ChessBase"]
[SourceQuality "1"]
[TimeControl "900+5"]

1. d4 d5 2. c4 e6 3. Nf3 a6 4. cxd5 exd5 5. Nc3 h6 6. Bf4 Nf6 7. h3 Bd6 8. Bxd6 Qxd6 9. e3 O-O 10. Bd3 b6 11. O-O Bb7 12. Qc2 Nbd7 13. Rac1 Rac8 14. Qe2 b5 15. Bb1 Rfe8 16. Rfd1 Ne4 17. Nxe4 dxe4 18. Nd2 Bd5 19. Rc3 Qe7 20. Nb3 Bc4 21. Rxc4 bxc4 22. Qxc4 Qd6 23. Nd2 Nf6 24. Nb3 Nd7 25. Nd2 Nf6 26. Nb3 Nd7 1/2-1/2

[Event "FIDE Online Semi Final 2020"]
[Site "Online"]
[Date "2020.08.29"]
[Round "1"]
[White "Sliwicka, Alicja"]
[Black "Divya, Deshmukh"]
[Result "1-0"]
[ECO "B55"]
[WhiteElo "2176"]
[BlackElo "2125"]
[Annotator "NA"]
[PlyCount "53"]
[EventDate "2020.08.28"]
[EventType "k.o."]
[SourceTitle "playchess.com"]
[Source "ChessBase"]
[SourceQuality "1"]
[TimeControl "900+5"]

1. e4 c5 2. Nf3 d6 3. d4 cxd4 4. Nxd4 Nf6 5. f3 Nc6 6. c4 e6 7. Nc3 Be7 8. Be2 O-O 9. Be3 d5 10. cxd5 exd5 11. Nxc6 {[%emt 0:00:33] B55: Sicilian: 2...d6 3 d4 cxd4 4 Nxd4 Nf6 5 f3.} bxc6 12. exd5 Nxd5 13. Nxd5 cxd5 14. O-O Bf6 15. Qd2 {[%emt 0:00:17] [#]} Rb8 $146 ({Predecessor:} 15... Re8 16. Bf2 Rb8 17. Rab1 Bf5 18. Bd3 Bxd3 19. Qxd3 Rxb2 20. Rxb2 Bxb2 21. Qc2 Be5 22. Bxa7 {0-1 (72) Janani,J (1808)-Shweta,G (1922) Chennai 2011}) 16. Rab1 Bf5 17. Bd3 Rxb2 18. Rxb2 Bxd3 19. Rd1 $11 Bxb2 20. Qxd3 Qe7 21. Bf2 d4 22. Rb1 Qb4 23. Be1 Qa3 24. Qc4 Re8 25. Qb5 Qe3+ 26. Bf2 Qc3 27. Qxe8# 1-0

[Event "FIDE Online Semi Final 2020"]
[Site "Online"]
[Date "2020.08.29"]
[Round "1.2"]
[White "Vidit, Santosh Gujrathi"]
[Black "Gajewski, Grzegorz"]
[Result "*"]
[ECO "D38"]
[WhiteElo "2630"]
[BlackElo "2515"]
[Annotator "ChessBase"]
[PlyCount "76"]
[EventDate "2020.08.28"]
[EventType "k.o."]
[SourceTitle "playchess.com"]
[Source "ChessBase"]
[SourceQuality "1"]
[TimeControl "900+5"]

1. d4 Nf6 2. c4 e6 3. Nf3 d5 4. Nc3 Bb4 5. Bg5 h6 6. Bxf6 Qxf6 7. Qa4+ Nc6 8. e3 O-O 9. Be2 dxc4 10. O-O Bd7 11. Bxc4 Bxc3 12. bxc3 Qe7 13. Be2 b6 14. Qc2 Na5 15. Ne5 Rfd8 16. Qe4 Be8 17. Bd3 f5 18. Qf4 Nc6 19. e4 Qd6 20. Rad1 g5 21. Qf3 Nxe5 22. dxe5 Qxe5 23. exf5 exf5 24. Bxf5 Bf7 25. Bb1 Kg7 26. Rde1 Qf6 27. Qg3 Qd6 28. f4 Bc4 29. Rf3 Re8 30. Rfe3 Rxe3 31. Qxe3 gxf4 32. Qe4 Qc5+ 33. Kh1 Bd5 34. Qg6+ Kf8 35. Qxh6+ Kf7 36. Bg6+ Kg8 37. Qh7+ Kf8 38. Qh8+ Bg8 *

[Event "FIDE Online Semi Final 2020"]
[Site "Online"]
[Date "2020.08.29"]
[Round "1.2"]
[White "Harika, Dronavalli"]
[Black "Cyfka, Karina"]
[Result "*"]
[ECO "D00"]
[WhiteElo "2448"]
[BlackElo "2248"]
[Annotator "ChessBase"]
[PlyCount "76"]
[EventDate "2020.08.28"]
[EventType "k.o."]
[SourceTitle "playchess.com"]
[Source "ChessBase"]
[SourceQuality "1"]
[TimeControl "900+5"]

1. d4 Nf6 2. Bg5 c6 3. Bxf6 exf6 4. c4 Bb4+ 5. Nc3 O-O 6. e3 d5 7. cxd5 cxd5 8. Nge2 Nc6 9. g3 Bg4 10. Bg2 Bxe2 11. Kxe2 Bxc3 12. bxc3 Na5 13. Qa4 a6 14. Rhc1 Rc8 15. Ke1 Re8 16. Qd1 Qd6 17. Rab1 Red8 18. Qa4 Qc7 19. Qb4 b5 20. a4 Rb8 21. Qc5 Qxc5 22. dxc5 bxa4 23. Rxb8 Rxb8 24. Bxd5 Rc8 25. Ra1 Rxc5 26. e4 f5 27. Rxa4 fxe4 28. Rxe4 Kf8 29. c4 Rc7 30. Kd2 Nb3+ 31. Kc3 Nc5 32. Re1 a5 33. Rb1 Ke7 34. Rb8 a4 35. Ra8 g6 36. f4 h5 37. Kd4 Kf6 38. Kc3 Kf5 *

[Event "FIDE Online Semi Final 2020"]
[Site "Online"]
[Date "2020.08.29"]
[Round "1.2"]
[White "Janik, Igor"]
[Black "Praggnanandhaa, R."]
[Result "*"]
[ECO "E16"]
[WhiteElo "2390"]
[BlackElo "2598"]
[Annotator "ChessBase"]
[PlyCount "69"]
[EventDate "2020.08.28"]
[EventType "k.o."]
[SourceTitle "playchess.com"]
[Source "ChessBase"]
[SourceQuality "1"]
[TimeControl "900+5"]

1. d4 Nf6 2. c4 e6 3. Nf3 d5 4. g3 Bb4+ 5. Nbd2 O-O 6. Bg2 b6 7. O-O Bb7 8. a3 Be7 9. cxd5 exd5 10. b4 a5 11. b5 c6 12. bxc6 Nxc6 13. Bb2 a4 14. Qb1 b5 15. Rc1 Qb6 16. e3 Rfc8 17. Ne5 Na5 18. Bc3 Qa6 19. Nd3 Nc4 20. Bb4 Nxd2 21. Bxd2 Ne4 22. Bb4 Qf6 23. Rxc8+ Rxc8 24. Bxe7 Qxe7 25. Qxb5 Nc3 26. Qb4 Qxb4 27. Nxb4 Kf8 28. Kf1 Ke7 29. Ke1 Kd6 30. Kd2 Rc7 31. Nd3 Bc8 32. Nc5 Nb5 33. Bf1 Na7 34. Nxa4 Nc6 35. Nc5 *

[Event "FIDE Online Semi Final 2020"]
[Site "Online"]
[Date "2020.08.29"]
[Round "1.2"]
[White "Socko, Monika"]
[Black "Koneru, Humpy"]
[Result "0-1"]
[ECO "E04"]
[WhiteElo "2335"]
[BlackElo "2454"]
[Annotator "ChessBase"]
[PlyCount "82"]
[EventDate "2020.08.28"]
[EventType "k.o."]
[SourceTitle "playchess.com"]
[Source "ChessBase"]
[SourceQuality "1"]
[TimeControl "900+5"]

1. d4 Nf6 2. c4 e6 3. Nf3 d5 4. g3 dxc4 5. Bg2 Bb4+ 6. Nbd2 b5 7. a4 c6 8. O-O a5 9. e4 Bxd2 10. Bxd2 Nxe4 11. axb5 cxb5 12. Ng5 Nxd2 13. Qxd2 Ra7 14. d5 O-O 15. Qe3 Ra6 16. Rfd1 Rd6 17. Qc5 Na6 18. Qe3 exd5 19. Rd4 Re8 20. Qd2 Nb4 21. h4 Bf5 22. Qf4 Rf6 23. Qd2 Bd3 24. Rf4 h6 25. Nh3 Re2 26. Qc1 Nc2 27. Rxf6 Qxf6 28. Rxa5 Re1+ 29. Qxe1 Nxe1 30. Bxd5 Bf5 31. Nf4 Nd3 32. Nh5 Qb6 33. Ra8+ Kh7 34. Kh1 Qxf2 35. Rf8 Qe1+ 36. Kg2 Qe2+ 37. Kg1 Qxh5 38. Bxf7 Qd1+ 39. Kg2 Qe2+ 40. Kg1 Qf2+ 41. Kh1 Be4# 0-1

[Event "FIDE Online Semi Final 2020"]
[Site "Online"]
[Date "2020.08.29"]
[Round "1.2"]
[White "Vantika, Agrawal"]
[Black "Sliwicka, Alicja"]
[Result "*"]
[ECO "A43"]
[WhiteElo "2141"]
[BlackElo "2176"]
[Annotator "ChessBase"]
[PlyCount "64"]
[EventDate "2020.08.28"]
[EventType "k.o."]
[SourceTitle "playchess.com"]
[Source "ChessBase"]
[SourceQuality "1"]
[TimeControl "900+5"]

1. d4 Nf6 2. Nf3 c5 3. d5 b5 4. Bg5 d6 5. Bxf6 exf6 6. e4 a6 7. a4 b4 8. Bd3 a5 9. Nbd2 g6 10. O-O Bg7 11. Bb5+ Bd7 12. Nc4 Qc7 13. Nfd2 O-O 14. Bxd7 Nxd7 15. f4 Ra6 16. Qg4 Qc8 17. Qh4 Re8 18. f5 Qd8 19. Rae1 Qe7 20. Rf3 Ne5 21. Rh3 h6 22. Ne3 Raa8 23. b3 Rac8 24. Rf1 g5 25. Qh5 Kh7 26. Rg3 Rh8 27. h4 Kg8 28. Re1 Kf8 29. Ndc4 Ke8 30. Nxa5 Kd8 31. Nac4 Kc7 32. Qe2 h5 *

[Event "FIDE Online Semi Final 2020"]
[Site "Online"]
[Date "2020.08.30"]
[Round "2.1"]
[White "Esipenko, Andrey"]
[Black "Xiong, Jeffery"]
[Result "1/2-1/2"]
[ECO "D41"]
[WhiteElo "2832"]
[BlackElo "2724"]
[Annotator "ChessBase"]
[PlyCount "84"]
[EventDate "2020.08.28"]
[EventType "k.o."]
[SourceTitle "playchess.com"]
[Source "ChessBase"]
[SourceQuality "1"]
[TimeControl "900+5"]

1. c4 c5 2. Nf3 Nf6 3. Nc3 d5 4. cxd5 Nxd5 5. e3 Nc6 6. Bb5 Nxc3 7. bxc3 Bd7 8. O-O e6 9. d4 Be7 10. Qe2 O-O 11. Bd2 Qc7 12. e4 Rad8 13. Rfd1 Na5 14. Bd3 f6 15. Be3 b6 16. h3 Kh8 17. Rac1 e5 18. Bb5 Bc8 19. Nh4 g6 20. Nf3 Be6 21. Bh6 Rg8 22. dxe5 g5 23. exf6 Bxf6 24. e5 Be7 25. Qe3 Rg6 26. Bxg5 Rdg8 27. h4 h6 28. Bxe7 Qxe7 29. Kf1 Nc4 30. Bxc4 Bxc4+ 31. Ke1 Rxg2 32. Qxh6+ Qh7 33. Qxh7+ Kxh7 34. Rd6 R8g4 35. Rc2 Kg7 36. Rd7+ Kf8 37. Rxa7 Rf4 38. Rd2 Ke8 39. Ra8+ Ke7 40. Ra7+ Ke8 41. Ra8+ Ke7 42. Ra7+ Ke8 1/2-1/2

[Event "FIDE Online Semi Final 2020"]
[Site "Online"]
[Date "2020.08.30"]
[Round "2.1"]
[White "Shankland, Sam"]
[Black "Dubov, Daniil"]
[Result "1/2-1/2"]
[ECO "C11"]
[WhiteElo "2764"]
[BlackElo "2840"]
[Annotator "ChessBase"]
[PlyCount "125"]
[EventDate "2020.08.28"]
[EventType "k.o."]
[SourceTitle "playchess.com"]
[Source "ChessBase"]
[SourceQuality "1"]
[TimeControl "900+5"]

1. e4 e6 2. d4 d5 3. Nc3 Nf6 4. e5 Nfd7 5. f4 c5 6. Nf3 Nc6 7. Be3 cxd4 8. Nxd4 Bb4 9. a3 Bxc3+ 10. bxc3 Ne7 11. Bd3 Nc5 12. O-O Nxd3 13. cxd3 O-O 14. a4 Bd7 15. Qb3 b6 16. Qa3 Rc8 17. Rfc1 Ng6 18. a5 Qc7 19. axb6 axb6 20. Qa7 f6 21. f5 fxe5 22. fxg6 exd4 23. gxh7+ Kxh7 24. Bxd4 Bb5 25. Rd1 Rfe8 26. Qxc7 Rxc7 27. Rab1 Ba4 28. Re1 Bc2 29. Rxb6 Bxd3 30. Rbxe6 Rxe6 31. Rxe6 Be4 32. Kf2 Rb7 33. g4 Kg8 34. Kg3 Kf7 35. Rc6 g6 36. h4 Rb1 37. Kf4 Rh1 38. Kg5 Rh2 39. Rc7+ Ke6 40. Bc5 d4 41. Re7+ Kd5 42. Bxd4 Bd3 43. Re5+ Kc4 44. Re3 Rg2 45. Kf4 Rh2 46. Kg5 Rg2 47. Rf3 Be2 48. Rf4 Kd5 49. Bf2 Kc6 50. c4 Bd3 51. c5 Be2 52. Bd4 Kd5 53. Be3 Kc6 54. Kxg6 Bxg4 55. Rf6+ Kd5 56. Rd6+ Ke4 57. Bg5 Bf5+ 58. Kf6 Rf2 59. Kg7 Ke5 60. Rf6 Rc2 61. c6 Be4 62. c7 Rxc7+ 63. Rf7 1/2-1/2

[Event "FIDE Online Semi Final 2020"]
[Site "Online"]
[Date "2020.08.30"]
[Round "2.1"]
[White "Grischuk, Alexander"]
[Black "So, Wesley"]
[Result "1/2-1/2"]
[ECO "D37"]
[WhiteElo "2756"]
[BlackElo "2754"]
[Annotator "ChessBase"]
[PlyCount "45"]
[EventDate "2020.08.28"]
[EventType "k.o."]
[SourceTitle "playchess.com"]
[Source "ChessBase"]
[SourceQuality "1"]
[TimeControl "900+5"]

1. d4 Nf6 2. c4 e6 3. Nf3 d5 4. Nc3 Be7 5. Bf4 O-O 6. e3 Nbd7 7. c5 Nh5 8. Bd3 Nxf4 9. exf4 b6 10. b4 a5 11. a3 c6 12. O-O Ba6 13. Ne2 Qc7 14. g3 Bf6 15. Rb1 axb4 16. axb4 Qb7 17. Nc1 Bxd3 18. Nxd3 Ra3 19. Qc2 Rfa8 20. Rfc1 b5 21. Kg2 Nf8 22. Qd1 Ng6 23. Ra1 1/2-1/2

[Event "FIDE Online Semi Final 2020"]
[Site "Online"]
[Date "2020.08.30"]
[Round "2.1"]
[White "Goryachkina, Aleksandra"]
[Black "Zatonskih, Anna"]
[Result "1-0"]
[ECO "D02"]
[WhiteElo "2621"]
[BlackElo "2376"]
[Annotator "ChessBase"]
[PlyCount "105"]
[EventDate "2020.08.28"]
[EventType "k.o."]
[SourceTitle "playchess.com"]
[Source "ChessBase"]
[SourceQuality "1"]
[TimeControl "900+5"]

1. d4 d5 2. Bf4 e6 3. e3 Nf6 4. Nf3 Bd6 5. Nbd2 b6 6. c3 O-O 7. Ne5 Ba6 8. Bxa6 Nxa6 9. Qe2 Nb8 10. h4 c5 11. g4 Qc7 12. g5 Nfd7 13. Ndf3 Nc6 14. Nxc6 Qxc6 15. Bxd6 Qxd6 16. h5 e5 17. dxe5 Nxe5 18. O-O-O Rad8 19. Nxe5 Qxe5 20. Qg4 Qe6 21. Rh4 f5 22. gxf6 Qxf6 23. Rh2 Rf7 24. Rg2 b5 25. Qg5 Qd6 26. h6 g6 27. f4 Re8 28. Qxd5 Qxd5 29. Rxd5 Rxe3 30. Rxc5 a6 31. f5 Rh3 32. Rc8+ Rf8 33. Rxf8+ Kxf8 34. fxg6 Rxh6 35. gxh7 Rxh7 36. Rg6 a5 37. Rg5 Rb7 38. a4 b4 39. Rxa5 bxc3 40. bxc3 Ke7 41. Rd5 Ke6 42. Rd4 Ke5 43. Kc2 Rb8 44. a5 Ra8 45. Ra4 Kd5 46. a6 Kc6 47. a7 Kb7 48. Kb3 Rc8 49. a8=Q+ Rxa8 50. Rxa8 Kxa8 51. Kc4 Kb7 52. Kb5 Kc7 53. Kc5 1-0

[Event "FIDE Online Semi Final 2020"]
[Site "Online"]
[Date "2020.08.29"]
[Round "2.1"]
[White "Wang, Annie"]
[Black "Shuvalova, Polina"]
[Result "1-0"]
[ECO "D32"]
[WhiteElo "2306"]
[BlackElo "2293"]
[Annotator "NA"]
[PlyCount "121"]
[EventDate "2020.08.28"]
[EventType "k.o."]
[SourceTitle "playchess.com"]
[Source "ChessBase"]
[SourceQuality "1"]
[TimeControl "900+5"]

1. d4 d5 2. c4 e6 3. Nc3 c5 4. cxd5 exd5 5. Nf3 Nc6 6. dxc5 d4 7. Na4 Bxc5 8. Nxc5 Qa5+ 9. Bd2 Qxc5 10. Rc1 Qb6 11. e3 dxe3 12. Bxe3 Qb4+ 13. Bd2 Qe7+ 14. Be2 Nf6 15. O-O O-O 16. Re1 Bg4 17. Qa4 Rad8 18. Bg5 Be6 19. Bb5 h6 20. Be3 Rfe8 21. Nd4 Bd5 22. Nxc6 bxc6 23. Bxc6 Bxc6 24. Qxc6 Qb4 25. Qc3 Qxc3 26. bxc3 Nd5 27. Bd4 Rxe1+ 28. Rxe1 Rc8 29. Kf1 Rc4 30. Ke2 Ra4 31. Ra1 f6 32. g3 Kf7 33. Kd3 Ke6 34. Bc5 Kd7 35. a3 Nc7 36. c4 Ne6 37. Bb4 Kc6 38. Re1 Kd7 39. Kc3 Ra6 40. f4 f5 41. Re5 g6 42. c5 Nc7 43. Kc4 Rc6 44. Ba5 Ne6 45. Rd5+ Ke7 46. Kb5 Rc8 47. Re5 Kd7 48. Bb4 Rb8+ 49. Kc4 Rc8 50. Kd5 Nc7+ 51. Kc4 a6 52. Re3 Ne6 53. Rd3+ Ke7 54. c6+ Kf7 55. Rd7+ Ke8 56. Re7+ Kd8 57. Rxe6 Kc7 58. Rxg6 Kb6 59. a4 a5 60. Bc5+ Kc7 61. Kd5 1-0

[Event "FIDE Online Semi Final 2020"]
[Site "Online"]
[Date "2020.08.29"]
[Round "2.1"]
[White "Abrahamyan, Tatev"]
[Black "Kosteniuk, Alexandra"]
[Result "0-1"]
[ECO "C50"]
[WhiteElo "2227"]
[BlackElo "2490"]
[Annotator "ChessBase"]
[PlyCount "64"]
[EventDate "2020.08.28"]
[EventType "k.o."]
[SourceTitle "playchess.com"]
[Source "ChessBase"]
[SourceQuality "1"]
[TimeControl "900+5"]

1. e4 e5 2. Nf3 Nc6 3. Bc4 Bc5 4. O-O Nf6 5. d3 O-O 6. Re1 Ng4 7. Re2 Kh8 8. h3 f5 9. Bg5 Nf6 10. Nc3 d6 11. Nd5 fxe4 12. dxe4 Be6 13. Nxf6 gxf6 14. Bxe6 fxg5 15. Rd2 Qf6 16. Bg4 Ne7 17. Qe2 Qg6 18. h4 gxh4 19. Nxh4 Bxf2+ 20. Qxf2 Qxg4 21. Qe1 Rf4 22. g3 Rxe4 23. Qf2 Rf4 24. Qg2 Rf7 25. Kh2 Raf8 26. Qxb7 Rf2+ 27. Rxf2 Rxf2+ 28. Ng2 Rf3 29. Qxc7 Rxg3 30. Qb8+ Ng8 31. Qb7 Rh3+ 32. Kg1 Qd4+ 0-1

[Event "FIDE Online Semi Final 2020"]
[Site "Online"]
[Date "2020.08.30"]
[Round "2.2"]
[White "So, Wesley"]
[Black "Grischuk, Alexander"]
[Result "1-0"]
[ECO "C54"]
[WhiteElo "2777"]
[BlackElo "2696"]
[Annotator "ChessBase"]
[PlyCount "101"]
[EventDate "2020.08.28"]
[EventType "k.o."]
[SourceTitle "playchess.com"]
[Source "ChessBase"]
[SourceQuality "1"]
[TimeControl "900+5"]

1. e4 e5 2. Nf3 Nc6 3. Bc4 Bc5 4. c3 Nf6 5. d3 d6 6. O-O O-O 7. Re1 a5 8. h3 Ba7 9. Bb3 h6 10. Nbd2 Be6 11. Bc2 Re8 12. Nf1 d5 13. exd5 Bxd5 14. Ng3 Qd6 15. Nf5 Qd7 16. N3h4 Ne7 17. Rxe5 Nxf5 18. Rxf5 Qe6 19. d4 Qe1+ 20. Kh2 c5 21. Bxh6 Bb8+ 22. Bf4 Qxd1 23. Rxd1 Be6 24. Rxf6 gxf6 25. Bxb8 Raxb8 26. d5 Bd7 27. Rd2 b5 28. Bf5 Rbd8 29. Bxd7 Rxd7 30. Nf5 Kh7 31. g4 Re4 32. Kg3 b4 33. d6 bxc3 34. bxc3 Rc4 35. Rd3 Ra4 36. Re3 Rd8 37. Re7 Rc4 38. Rxf7+ Kg8 39. Rxf6 Rxc3+ 40. Kh4 c4 41. g5 Rd3 42. g6 Rf8 43. Kg5 c3 44. Ne7+ Kg7 45. Nf5+ Kg8 46. Rxf8+ Kxf8 47. Kf6 Rxd6+ 48. Nxd6 c2 49. g7+ Kg8 50. Nf5 c1=Q 51. Ne7+ 1-0

[Event "FIDE Online Semi Final 2020"]
[Site "Online"]
[Date "2020.08.30"]
[Round "2.2"]
[White "Xiong, Jeffery"]
[Black "Esipenko, Andrey"]
[Result "1-0"]
[ECO "E32"]
[WhiteElo "2770"]
[BlackElo "2789"]
[Annotator "ChessBase"]
[PlyCount "97"]
[EventDate "2020.08.28"]
[EventType "k.o."]
[SourceTitle "playchess.com"]
[Source "ChessBase"]
[SourceQuality "1"]
[TimeControl "900+5"]

1. d4 Nf6 2. c4 e6 3. Nc3 Bb4 4. Qc2 O-O 5. e4 d5 6. e5 Ne4 7. Bd3 c5 8. Nf3 cxd4 9. Nxd4 Nd7 10. Bf4 Qh4 11. g3 Qh5 12. h4 Nxe5 13. Be2 Ng4 14. Bxg4 Qxg4 15. f3 Qh5 16. g4 Qg6 17. fxe4 e5 18. O-O-O Bxc3 19. Nf5 Bxf5 20. gxf5 Qa6 21. Qxc3 d4 22. Qb3 exf4 23. Rxd4 Rad8 24. Qd3 Rxd4 25. Qxd4 Rc8 26. b3 Qxa2 27. Rd1 g6 28. f6 h5 29. Rd3 Qg2 30. Qd7 Rf8 31. Qe7 Qg1+ 32. Kc2 Qb6 33. Rd6 Qa5 34. Rd5 Qb6 35. Rd6 Qa5 36. Rd5 Qb6 37. Rg5 Qf2+ 38. Kb1 Qe1+ 39. Ka2 Qd2+ 40. Ka3 Qc1+ 41. Ka4 Qa1+ 42. Kb4 Qe1+ 43. Kb5 a6+ 44. Kb6 Qe3+ 45. Kc7 Qc3 46. Rxg6+ Kh7 47. Rg7+ Kh6 48. Qxf8 Qe5+ 49. Qd6 1-0

[Event "FIDE Online Semi Final 2020"]
[Site "Online"]
[Date "2020.08.30"]
[Round "2.2"]
[White "Kosteniuk, Alexandra"]
[Black "Zatonskih, Anna"]
[Result "1-0"]
[ECO "C42"]
[WhiteElo "2507"]
[BlackElo "2351"]
[Annotator "ChessBase"]
[PlyCount "107"]
[EventDate "2020.08.28"]
[EventType "k.o."]
[SourceTitle "playchess.com"]
[Source "ChessBase"]
[SourceQuality "1"]
[TimeControl "900+5"]

1. e4 e5 2. Nf3 Nf6 3. Nxe5 d6 4. Nf3 Nxe4 5. Nc3 Nf6 6. d4 Be7 7. Bd3 Bg4 8. O-O O-O 9. Re1 Nbd7 10. h3 Bh5 11. g4 Bg6 12. g5 Nh5 13. Nd5 Re8 14. Nh4 c6 15. Nxe7+ Rxe7 16. Nf5 Rxe1+ 17. Qxe1 Bxf5 18. Bxf5 g6 19. Bg4 Ng7 20. Bf4 Nb6 21. Qa5 Nd5 22. Qxd8+ Rxd8 23. Bd2 Ne6 24. c3 Ndf4 25. b3 h5 26. gxh6 f5 27. Bf3 Nxh3+ 28. Kg2 Nhf4+ 29. Kg3 g5 30. Re1 Kf7 31. c4 Nxd4 32. Bxf4 gxf4+ 33. Kxf4 Kf6 34. Rh1 Ne6+ 35. Ke3 Rh8 36. Be2 d5 37. cxd5 cxd5 38. Bd3 d4+ 39. Kd2 Ng5 40. Kc2 Nf7 41. Rh5 Nxh6 42. Bxf5 b6 43. Kd2 Nf7 44. Rxh8 Nxh8 45. Bg4 Ke5 46. Bh5 Kf5 47. Kd3 Ke5 48. b4 a5 49. a3 Kd5 50. f4 axb4 51. axb4 Ke6 52. Kxd4 Kf5 53. Ke3 Kf6 54. b5 1-0

[Event "FIDE Online Semi Final 2020"]
[Site "Online"]
[Date "2020.08.30"]
[Round "2.2"]
[White "Yip, Carissa"]
[Black "Goryachkina, Aleksandra"]
[Result "1-0"]
[ECO "B15"]
[WhiteElo "2328"]
[BlackElo "2504"]
[Annotator "ChessBase"]
[PlyCount "95"]
[EventDate "2020.08.28"]
[EventType "k.o."]
[SourceTitle "playchess.com"]
[Source "ChessBase"]
[SourceQuality "1"]
[TimeControl "900+5"]

1. e4 c6 2. d4 d5 3. Nc3 dxe4 4. Nxe4 Nf6 5. Nxf6+ exf6 6. c3 Bd6 7. Bd3 O-O 8. Qc2 Re8+ 9. Ne2 h5 10. Be3 Nd7 11. O-O-O Nf8 12. h3 Be6 13. c4 Rc8 14. Nc3 Bb4 15. Ne4 Be7 16. g4 b5 17. gxh5 bxc4 18. Be2 Qa5 19. Bxc4 Bxc4 20. Qxc4 Qxh5 21. Qc2 Qa5 22. Kb1 Ne6 23. Rhg1 f5 24. Ng3 f4 25. Bd2 Qd5 26. Nf5 Bf6 27. Nh6+ Kf8 28. Bb4+ c5 29. dxc5 Qh5 30. c6+ Be7 31. Bxe7+ Rxe7 32. Nf5 Rec7 33. Qe4 Rxc6 34. Rd5 Qh7 35. a3 Rc4 36. Qe5 Kg8 37. Ka2 Kh8 38. Nd6 R4c7 39. Nxf7+ Rxf7 40. Qxe6 Rcf8 41. Rgg5 Kg8 42. Rdf5 Qh4 43. Rg4 Qh7 44. Rgxf4 g6 45. Rxf7 Rxf7 46. Qxf7+ Qxf7+ 47. Rxf7 Kxf7 48. Kb3 1-0

[Event "FIDE Online Semi Final 2020"]
[Site "Online"]
[Date "2020.08.30"]
[Round "2.2"]
[White "Shuvalova, Polina"]
[Black "Wang, Annie"]
[Result "1-0"]
[ECO "B69"]
[WhiteElo "2316"]
[BlackElo "2288"]
[Annotator "ChessBase"]
[PlyCount "89"]
[EventDate "2020.08.28"]
[EventType "k.o."]
[SourceTitle "playchess.com"]
[Source "ChessBase"]
[SourceQuality "1"]
[TimeControl "900+5"]

1. e4 c5 2. Nf3 d6 3. d4 cxd4 4. Nxd4 Nf6 5. Nc3 Nc6 6. Bg5 e6 7. Qd2 a6 8. O-O-O Bd7 9. f4 Be7 10. Nf3 b5 11. Bxf6 gxf6 12. Kb1 Qb6 13. Bd3 O-O-O 14. Rhe1 Rhe8 15. f5 b4 16. Ne2 Ne5 17. Nfd4 Nxd3 18. Qxd3 e5 19. Qc4+ Kb8 20. Nb3 Rf8 21. Nec1 Rc8 22. Qd5 Bc6 23. Qa5 Qxa5 24. Nxa5 Ba8 25. b3 Rg8 26. g3 Rg4 27. Nd3 Bxe4 28. h3 Bxd3 29. Rxd3 Rg5 30. g4 Rc5 31. Nc4 d5 32. Nb6 Rb5 33. Nxd5 Bc5 34. Nxf6 Bd4 35. h4 Rg7 36. g5 Rb7 37. Rxd4 exd4 38. Re8+ Kc7 39. Nh5 Rxg5 40. hxg5 Kd6 41. Nf6 Rb5 42. Ra8 a5 43. Ne4+ Ke5 44. Re8+ Kxf5 45. Nd6+ 1-0